 Dungeon Sprint DCSS version 0.28.0-53-g5a82cb258f (webtiles) character file.

Game seed: 17196635535557020556

66754 Zeld the Axe Maniac (level 14, -1/168 HPs)
             Began as a Minotaur Berserker on June 10, 2022.
             Was a High Priest of Trog.
             Slain by Asmodeus
             ... wielding the +7 sceptre of Asmodeus
              (33 damage)
             ... in the Dungeon (Sprint IX: "|||||||||||||||||||||||||||||").
             The game lasted 00:09:41 (7491 turns).

Zeld the Axe Maniac (Minotaur Berserker)            Turns: 7491, Time: 00:09:41

Health: -1/168     AC: 30    Str: 27    XL:     14   Next: 80%
Magic:  0/13       EV: 15    Int:  4    God:    Trog [*****.]
Gold:   1222       SH:  0    Dex: 10    Spells: 13/13 levels left

rFire   . . .      SeeInvis .   a - +3 executioner's axe (flame)
rCold   . . .      Faith    .   (shield currently unavailable)
rNeg    . . .      Spirit   +   b - +2 plate armour
rPois   +          Reflect  .   (helmet restricted)
rElec   .          Harm     .   o - +1 cloak
rCorr   .          Rampage  .   p - +0 pair of gloves
Will    +++..      NoTele   +   t - +1 pair of boots
Stlth   ..........              q - amulet of guardian spirit
HPRegen 1.38/turn               r - ring of poison resistance
MPRegen 0.13/turn               (no ring)

@: strong-willed (expiring), on berserk cooldown, regenerating (expiring),
slowed, very slow
A: horns 2, retaliatory headbutt
a: Renounce Religion, Berserk, Trog's Hand, Brothers in Arms


You were in the Dungeon.
You worshipped Trog.
Trog was extremely pleased with you.
You visited 1 branch You collected 1922 gold pieces.
You spent 700 gold pieces at shops.

Inventory:

Hand Weapons
 a - a +3 executioner's axe of flaming (weapon)
Armour
 b - a +2 plate armour (worn)
 o - a +1 cloak (worn)
 p - a +0 pair of gloves (worn)
 t - a +1 pair of boots (worn)
Jewellery
 q - an amulet of guardian spirit (around neck)
 r - a ring of poison resistance (left hand)
 u - a ring of protection from cold
 v - a ring of protection from fire
Wands
 j - a wand of acid (5)
Scrolls
 l - 4 scrolls of identify
 m - 2 scrolls of enchant armour
 w - a scroll of fog
Potions
 c - 8 potions of curing
 d - 2 potions of heal wounds
 e - 5 potions of haste
 f - 4 potions of magic
 g - a potion of berserk rage
 i - a potion of invisibility
 k - a potion of resistance
 s - a potion of might


   Skills:
 O Level 27 Fighting
 O Level 27 Axes
 + Level 23.3 Armour
 + Level 21.5 Dodging


You had 13 spell levels left.
You didn't know any spells.
Your spell library was empty.

Dungeon Overview and Level Annotations

Branches:
Dungeon (1/1)

Altars:
Cheibriados
Dithmenos
Elyvilon
Fedhas
Gozag
Hepliaklqana
Kikubaaqudgha
Makhleb
Nemelex Xobeh
Okawaru
Qazlal
Ru
Sif Muna
Trog
Uskayaw
Vehumet
Wu Jian
Xom
Yredelemnul
Zin
The Shining One
Beogh
Jiyva
Lugonu

Shops:
D (=[[

Annotations:
D Asmodeus


Innate Abilities, Weirdness & Mutations

You have a pair of horns on your head.
You reflexively headbutt those who attack you in melee.


Message History

Unknown command.
You open the vault warden like a pillowcase!!!
You burn the vault warden.
You kill the vault warden!
Trog accepts your kill.
Trog appreciates your killing of a magic user.
Trog grants you a weapon! Something appears at your feet!
You see here a +3 battleaxe.
The runic seal fades away.
You cut the deep elf death mage into ribbons!!!
You burn the deep elf death mage! You headbutt the deep elf death mage.
You kill the deep elf death mage!
Trog accepts your kill.
Trog appreciates your killing of a magic user.
Unknown command.
You feel the effects of Trog's Hand fading.
Asmodeus hits you with the +7 sceptre of Asmodeus!!
Items here: )))) [[[ ††.
Unknown command.
You slice Asmodeus!!
You headbutt Asmodeus, but do no damage.
Asmodeus is lightly wounded.
Asmodeus gestures.
Unknown command.
You slice Asmodeus!!
You headbutt Asmodeus, but do no damage.
Asmodeus is lightly wounded.
You closely miss the balrug.
Asmodeus hits you with the +7 sceptre of Asmodeus!!
* * * LOW HITPOINT WARNING * * *
The balrug gestures at you.
The fireball explodes!
The fireball engulfs you!
* * * LOW HITPOINT WARNING * * *
The fireball engulfs the balrug.
The balrug completely resists.
The fireball engulfs Asmodeus.
Asmodeus completely resists.
You slice Asmodeus!!
Asmodeus is moderately wounded.
You barely miss the balrug.
Asmodeus hits you with the +7 sceptre of Asmodeus!!
You die...

▓.▓.▓)▓.▓.▓.▓.▓.▓.
▓.▓.▓.▓.▓[▓.▓.▓.▓'
▓.▓.▓.▓.▓.▓.▓.▓.▓.
▓.▓.▓.▓.▓.▓.▓.▓.▓.
▓.▓.▓.▓.▓.▓.▓.▓.▓.
▓.▓.♣)♣.▓.▓.▓.▓.▓.
▓+▓.♣†♣.▓.▓.▓.▓.▓)
▓2▓.♣.♣.▓.▓.▓.▓.▓†
▓@▓.♣.♣.▓.▓.▓.▓.▓†
▓&▓.♣.♣.▓.▓.▓.▓.▓)
▓p▓.♣)♣.▓.▓.▓)▓.▓.
▓§▓.♣.♣)▓.▓.▓)▓.▓'
▓)▓.♣.♣)▓'▓.▓)▓.▓†
▓p▓[♣.♣.▓)▓.▓÷▓)▓.
▓)▓.♣.♣.▓)▓.▓.▓.▓.
▓)▓.▓'▓.▓.▓.▓.▓.▓.
▓.▓.▓)▓.▓(▓.▓∩▓.▓.


You could see Asmodeus (clouds), a balrug (summoned) and an ironbound convoker.

Vanquished Creatures
  A golden dragon (D)
  A sphinx (D)
  A nagaraja (D)
  A vault warden (D)
  2 fire giants (D)
  4 ironbound preservers (D)
  A very ugly thing (D)
  An ironbound thunderhulk (D)
  A stone giant (D)
  Nessos (D)
  An entropy weaver (D)
  A bunyip (D)
  A dire elephant (D)
  2 fire dragons (D)
  A deep elf death mage (D)
  An ettin (D)
  A merfolk javelineer (D)
  3 yaktaur captains (D)
  A great orb of eyes (D)
  A boulder beetle (D)
  Harold (D)
  A peacekeeper (D)
  2 ogre magi (D)
  2 ghost crabs (D)
  2 ice dragons (D)
  Erica (D)
  An alligator (D)
  2 deep troll earth magi (D)
  A deep troll shaman (D)
  2 naga sharpshooters (D)
  A hell knight (D)
  A shock serpent (D)
  A pharaoh ant (D)
  A skeletal warrior (D)
  A steelbarb worm (D)
  3 deep trolls (D)
  An orb spider (D)
  2 sea snakes (D)
  A swamp dragon (D)
  A lindwurm (D)
  A wizard (D)
  2 orc knights (D)
  2 ironbound convokers (D)
  A deep elf pyromancer (D)
  A necromancer (D)
  3 manticores (D)
  2 ugly things (D)
  3 cyclopes (D)
  2 wolf spiders (D)
  9 elephants (D)
  2 merfolk sirens (D)
  3 black mambas (D)
  A water nymph (D)
  2 naga magi (D)
  4 cane toads (D)
  A yaktaur (D)
  A demonic crawler (D)
  An efreet (D)
  2 komodo dragons (D)
  A tengu conjurer (D)
  3 trolls (D)
  A tyrant leech (D)
  A meliai (D)
  A slime creature (D)
  A tarantella (D)
  A polar bear (D)
  A raiju (shapeshifter) (D)
  A jumping spider (D)
  2 yaks (D)
  A vampire (D)
  2 wyverns (D)
  Eustachio (D)
  A naga (D)
  2 water moccasins (D)
  4 orc warriors (D)
  A wolf (D)
  5 bullfrogs (D)
  A killer bee (D)
  A jelly (D)
  2 orc priests (D)
  3 orc wizards (D)
  An iguana (D)
  2 dart slugs (D)
  2 orcs (D)
  A goblin (D)
  A hobgoblin (D)
  2 ball python skeletons (D)
  A ball python zombie (D)
  A kobold (D)
  A rat (D)
147 creatures vanquished.

Vanquished Creatures (collateral kills)
  An ancient lich (D)
  A stone giant (D)
  A great orb of eyes (D)
  A rakshasa (D)
  A peacekeeper (D)
  2 deep troll shamans (D)
  A vampire mage (D)
  A sea snake (D)
  A flayed ghost (D)
  3 deep trolls (D)
  An orc knight (D)
  An ugly thing (D)
  2 trolls (D)
  A basilisk (D)
  A floating eye (D)
  7 orc warriors (D)
  A gnoll sergeant (D)
  2 orc priests (D)
  An orc wizard (D)
  An orc (D)
  A bat zombie (D)
32 creatures vanquished.

Vanquished Creatures (others)
  A hydra (D)
  A spriggan druid (D)
  A bloated husk (D)
3 creatures vanquished.

Grand Total: 182 creatures vanquished

Notes
Turn   | Place    | Note
-------+----------+-------------------------------------------
     0 | D        | Zeld the Minotaur Berserker began the quest for the Orb.
     0 | D        | Reached XP level 1. HP: 19/19 MP: 0/0
     8 | D        | Reached ** piety under Trog
    33 | D        | Noticed an iguana
    33 | D        | Noticed a jelly
    37 | D        | Killed an iguana
    37 | D        | Reached *** piety under Trog
    38 | D        | Reached skill level 5 in Fighting
    38 | D        | Reached skill level 5 in Axes
    38 | D        | Reached XP level 2. HP: 30/30 MP: 1/1
    38 | D        | Reached XP level 3. HP: 37/37 MP: 2/2
    43 | D        | Reached XP level 4. HP: 42/45 MP: 3/3
   145 | D        | Found a snail-covered altar of Cheibriados.
   145 | D        | Found a shadowy altar of Dithmenos.
   145 | D        | Found a white marble altar of Elyvilon.
   145 | D        | Found a blossoming altar of Fedhas.
   145 | D        | Found an opulent altar of Gozag.
   246 | D        | Found a hazy altar of Hepliaklqana.
   247 | D        | Found a viscous altar of Jiyva.
   248 | D        | Found an ancient bone altar of Kikubaaqudgha.
   249 | D        | Found a corrupted altar of Lugonu.
   250 | D        | Found a burning altar of Makhleb.
   251 | D        | Found a sparkling altar of Nemelex Xobeh.
   252 | D        | Found an iron altar of Okawaru.
   253 | D        | Found a stormy altar of Qazlal.
   254 | D        | Found a sacrificial altar of Ru.
   255 | D        | Found a shimmering blue altar of Sif Muna.
   256 | D        | Found a bloodstained altar of Trog.
   257 | D        | Found a hide-covered altar of Uskayaw.
   258 | D        | Found a radiant altar of Vehumet.
   259 | D        | Found an ornate altar of the Wu Jian Council.
   260 | D        | Found a shimmering altar of Xom.
   261 | D        | Found a basalt altar of Yredelemnul.
   262 | D        | Found a glowing silver altar of Zin.
   263 | D        | Found a glowing golden altar of the Shining One.
   287 | D        | Noticed a vampire
   287 | D        | Noticed a wyvern
   287 | D        | Noticed a gnoll sergeant
   289 | D        | Reached **** piety under Trog
   297 | D        | Killed a vampire
   298 | D        | Reached skill level 5 in Dodging
   298 | D        | Reached XP level 5. HP: 35/57 MP: 4/4
   306 | D        | Killed a wyvern
   307 | D        | Reached skill level 10 in Fighting
   307 | D        | Reached skill level 10 in Axes
   307 | D        | Reached XP level 6. HP: 26/67 MP: 5/5
   576 | D        | Noticed a purple ugly thing
   576 | D        | Noticed a deep elf pyromancer
   576 | D        | Noticed a komodo dragon
   576 | D        | Noticed a cyclops
   576 | D        | Noticed a cyclops
   582 | D        | Killed a purple ugly thing
   583 | D        | Reached XP level 7. HP: 77/77 MP: 6/6
   589 | D        | Killed a deep elf pyromancer
   589 | D        | Reached ***** piety under Trog
   590 | D        | Reached XP level 8. HP: 86/86 MP: 7/7
   591 | D        | Noticed a raiju
   591 | D        | a black bear changed into a raiju
   593 | D        | Killed a komodo dragon
   605 | D        | Killed a cyclops
   605 | D        | Killed a raiju
   606 | D        | Reached skill level 10 in Armour
   606 | D        | Reached XP level 9. HP: 76/96 MP: 8/8
   609 | D        | Killed a cyclops
   610 | D        | Reached skill level 15 in Fighting
   862 | D        | Noticed a cane toad
   862 | D        | Noticed a komodo dragon
   867 | D        | Reached skill level 15 in Axes
   869 | D        | Killed a cane toad
   869 | D        | Received a gift from Trog
   869 | D        | Noticed an elephant
   870 | D        | Reached skill level 10 in Dodging
   871 | D        | Noticed a polar bear
   876 | D        | Killed a komodo dragon
   887 | D        | Killed an elephant
   889 | D        | Killed a polar bear
   890 | D        | Reached XP level 10. HP: 108/108 MP: 9/9
   991 | D        | Noticed a cane toad
   991 | D        | Noticed a cane toad
   992 | D        | Identified the +6 war axe of Symmetry {flame, *Corrode rC-
                  | Will+++ Dex+8} (Trog gifted it to you in the Dungeon)
   992 | D        | Received a gift from Trog
   996 | D        | Killed a cane toad
   996 | D        | Reached ****** piety under Trog
   996 | D        | Noticed a cane toad
  1002 | D        | Killed a cane toad
  1009 | D        | Killed a cane toad
  1382 | D        | Noticed an elephant
  1382 | D        | Noticed an elephant
  1382 | D        | Noticed an elephant
  1382 | D        | Noticed an elephant
  1382 | D        | Noticed an elephant
  1382 | D        | Noticed an elephant
  1388 | D        | Killed an elephant
  1388 | D        | Received a gift from Trog
  1395 | D        | Killed an elephant
  1398 | D        | Killed an elephant
  1403 | D        | Killed an elephant
  1406 | D        | Killed an elephant
  1412 | D        | Killed an elephant
  1412 | D        | Received a gift from Trog
  1424 | D        | Noticed an elephant
  1431 | D        | Killed an elephant
  1432 | D        | Reached XP level 11. HP: 86/121 MP: 5/10
  1610 | D        | Noticed Harold
  1625 | D        | Killed Harold
  1882 | D        | Noticed an orc knight
  1889 | D        | Received a gift from Trog
  2225 | D        | Killed an orc knight
  2365 | D        | Received a gift from Trog
  2535 | D        | Noticed an orc knight
  2535 | D        | Noticed an orc knight
  2541 | D        | Killed an orc knight
  2555 | D        | Killed an orc knight
  2560 | D        | Received a gift from Trog
  3184 | D        | Found Qanuy's Weapon Emporium.
  3184 | D        | Noticed an ogre mage
  3184 | D        | Noticed an ogre mage
  3184 | D        | Noticed a deep troll
  3186 | D        | Noticed a deep troll
  3190 | D        | Killed an ogre mage
  3192 | D        | Received a gift from Trog
  3193 | D        | Found Hizxan's Jewellery Shoppe.
  3196 | D        | Killed an ogre mage
  3203 | D        | Killed a deep troll
  3205 | D        | Killed a deep troll
  3207 | D        | Received a gift from Trog
  3208 | D        | Reached skill level 15 in Armour
  3208 | D        | Found Zetuz's Armour Emporium.
  3208 | D        | Noticed a deep troll
  3210 | D        | Found Suex's Armour Shoppe.
  3212 | D        | Noticed a deep troll
  3213 | D        | Killed a deep troll
  3213 | D        | Noticed a deep troll
  3218 | D        | Killed a deep troll
  3220 | D        | Killed a deep troll
  3221 | D        | Reached XP level 12. HP: 79/136 MP: 11/11
  3225 | D        | Received a gift from Trog
  3412 | D        | Bought an amulet of guardian spirit for 420 gold pieces
  3412 | D        | Bought a ring of poison resistance for 280 gold pieces
  3487 | D        | Noticed Eustachio
  3496 | D        | Killed Eustachio
  3717 | D        | Received a gift from Trog
  3718 | D        | Noticed a boulder beetle
  3724 | D        | Noticed a stone giant
  3729 | D        | Paralysed by a floating eye for 4 turns
  3730 | D        | Noticed a rakshasa
  3736 | D        | Paralysed by a floating eye for 2 turns
  3741 | D        | Killed a stone giant
  3742 | D        | Received a gift from Trog
  3749 | D        | Noticed a great orb of eyes
  3752 | D        | Killed a rakshasa
  3753 | D        | Reached skill level 15 in Dodging
  3754 | D        | Killed a great orb of eyes
  3785 | D        | Killed a boulder beetle
  4022 | D        | Noticed a fire giant
  4030 | D        | Killed a fire giant
  4155 | D        | Noticed Erica
  4161 | D        | Killed Erica
  4161 | D        | Received a gift from Trog
  4223 | D        | Noticed an entropy weaver
  4230 | D        | Killed an entropy weaver
  4247 | D        | Received a gift from Trog
  4248 | D        | Reached XP level 13. HP: 99/148 MP: 8/12
  4446 | D        | Noticed a merfolk javelineer
  4463 | D        | Identified the +5 rapier "Sandy Death Rattle" {vorpal, Fly
                  | rCorr Stlth+} (Trog gifted it to you in the Dungeon)
  4463 | D        | Received a gift from Trog
  4488 | D        | Killed a merfolk javelineer
  4790 | D        | Received a gift from Trog
  4793 | D        | Noticed a bunyip
  4817 | D        | Killed a bunyip
  5005 | D        | Received a gift from Trog
  5611 | D        | Noticed Nessos
  5636 | D        | Killed Nessos
  5636 | D        | Received a gift from Trog
  5879 | D        | Noticed a stone giant
  5879 | D        | Noticed a fire dragon
  5879 | D        | Noticed a white very ugly thing
  5884 | D        | Killed a stone giant
  5889 | D        | Killed a white very ugly thing
  5890 | D        | Noticed a fire giant
  5896 | D        | Killed a fire dragon
  5898 | D        | Noticed a golden dragon
  5909 | D        | Received a gift from Trog
  5923 | D        | HP: 3/155 [golden dragon/bolt of fire (22)]
  6277 | D        | Killed a fire giant
  6525 | D        | Killed a golden dragon
  6526 | D        | Reached XP level 14. HP: 55/165 MP: 3/13
  7106 | D        | Received a gift from Trog
  7200 | D        | Received a gift from Trog
  7356 | D        | Noticed an ironbound preserver
  7356 | D        | Noticed an ironbound thunderhulk
  7362 | D        | Killed an ironbound preserver
  7367 | D        | Killed an ironbound thunderhulk
  7371 | D        | Reached skill level 27 in Axes
  7373 | D        | Reached skill level 27 in Fighting
  7377 | D        | Received a gift from Trog
  7380 | D        | Noticed an ironbound preserver
  7386 | D        | Noticed an ironbound preserver
  7406 | D        | Killed an ironbound preserver
  7406 | D        | Received a gift from Trog
  7410 | D        | Killed an ironbound preserver
  7418 | D        | Noticed an ironbound preserver
  7428 | D        | Received a gift from Trog
  7429 | D        | Killed an ironbound preserver
  7436 | D        | Noticed a vault warden
  7437 | D        | Noticed a sphinx
  7437 | D        | Noticed a nagaraja
  7439 | D        | Noticed an ancient lich
  7455 | D        | Killed an ancient lich
  7455 | D        | Identified the +6 hand axe of Precise Incision {flame, rF+
                  | Str+3} (Trog gifted it to you in the Dungeon)
  7455 | D        | Received a gift from Trog
  7462 | D        | Killed a nagaraja
  7469 | D        | Found the +7 sceptre of Asmodeus
  7469 | D        | Noticed Asmodeus
  7475 | D        | Killed a sphinx
  7482 | D        | Killed a ghostly sphinx
  7486 | D        | Killed a vault warden
  7486 | D        | Received a gift from Trog
  7490 | D        | Noticed a balrug
  7491 | D        | Slain by Asmodeus

Illustrated notes

Levels and vault maps discovered:
D:        linesprint [early_d, line_temple, items_1, d_10, items_2, lair_1,
          lair_end, items_3, orc_1, orc_end, items_4, d_15, swamp_1, shoals_1,
          snake_1, spider_1, d_20, vaults_1, items_5, swamp_end, shoals_end,
          snake_end, spider_end, vaults_end, d_27, items_6, zot_1, zot_end,
          crypt_end, forest_end, elf_end, slime_end, tomb_end, abyss_end,
          pan_hell_end]

Skill      XL: |  1  2  3  4  5  6  7  8  9 10 11 12 13 14 |
---------------+-------------------------------------------+-----
Fighting       | 5 6 9 10 12 13 14 16 18 21 23 26 27 | 27.0
Axes           | 5 6 8 10 12 13 14 16 18 21 23 26 27 | 27.0
Armour         | 3 4 6 7 8 9 10 11 13 15 17 19 23 | 23.3
Dodging        | 3 4 5 6 7 8 9 10 12 14 15 17 21 | 21.5

Action                   |  1- 3 |  4- 6 |  7- 9 | 10-12 | 13-15 || total
-------------------------+-------+-------+-------+-------+-------++-------
Melee: Hand axe          |    14 |    18 |       |       |       ||    32
       Headbutt          |     3 |     5 |    10 |    48 |    56 ||   122
       Punch             |     1 |       |     2 |       |       ||     3
       Broad axe         |       |     5 |    50 |       |       ||    55
       Battleaxe         |       |       |       |    48 |       ||    48
       Executioner's axe |       |       |       |   141 |   235 ||   376
Invok: Berserk           |     1 |     2 |     1 |     3 |     6 ||    13
       Brothers in Arms  |       |     1 |       |     6 |     8 ||    15
       Trog's Hand       |       |       |       |       |     2 ||     2
Evoke: Wand              |       |       |       |       |     5 ||     5
  Use: Scroll            |       |     1 |       |       |     4 ||     5
       Potion            |       |       |       |       |     9 ||     9
Armor: Animal skin       |     1 |       |       |       |       ||     1
       Plate armour      |       |     4 |    14 |    81 |   133 ||   232
Dodge: Dodged            |     4 |    12 |    12 |    68 |   138 ||   234
